 Dungeon Crawl Stone Soup version 0.28-a0-46-g7b1be97da7 (webtiles) character file.

Game seed: 17764227249349617643

33 sanka the Skirmisher (level 3, -3/31 HPs)
             Began as a Palentonga Abyssal Knight on July 29, 2021.
             Was a Believer of Lugonu.
             Slain by Terence (9 damage)
             ... on level 2 of the Dungeon.
             The game lasted 00:02:44 (1650 turns).

sanka the Skirmisher (Palentonga Abyssal Knight)    Turns: 1650, Time: 00:02:45

Health: -3/31      AC:  5    Str: 16    XL:     3   Next: 12%
Magic:  1/4        EV:  9    Int: 12    God:    Lugonu [**....]
Gold:   13         SH:  0    Dex:  9    Spells: 2/4 levels left

rFire   . . .      SeeInvis +   a - +1 hand axe
rCold   . . .      Faith    .   (no shield)
rNeg    . . .      Spirit   .   b - +0 leather armour
rPois   .          Reflect  .   (no helmet)
rElec   .          Harm     .   (no cloak)
rCorr   .          Rampage  .   h - +0 pair of gloves
Will    .....                   (no barding)
Stlth   +.........              (no amulet)
HPRegen 0.10/turn               (no ring)
MPRegen 0.09/turn               (no ring)

@: no status effects
A: large, rugged brown scales 3, see invisible, deformed body, roll 1, armoured
tail
a: Rolling Charge, Renounce Religion, Depart the Abyss, Bend Space


You were on level 2 of the Dungeon.
You worshipped Lugonu.
Lugonu was pleased with you.
You visited 1 branch of the dungeon, and saw 2 of its levels.
You visited the Abyss 1 time.

You collected 13 gold pieces.


Innate Abilities, Weirdness & Mutations

You are completely covered in rugged brown scales. (AC +3, +7% HP)
You have supernaturally acute eyesight. (SInv)
Armour fits poorly on your strangely shaped body.
You can roll at nearby foes to attack.
You have a long armoured tail.


   Skills:
 - Level 3.0 Fighting
 - Level 2.0 Axes
 - Level 1.5 Armour
 - Level 0.7 Dodging
 + Level 1.2 Spellcasting
 + Level 1.1 Air Magic
 + Level 1.1 Poison Magic
 - Level 2.0 Invocations


You had 2 spell levels left.
You knew the following spells:

 Your Spells              Type           Power      Damage    Failure   Level
y - Poisonous Vapours     Pois/Air       6%         N/A       34%         2

Your spell library contained the following spells:

 Spells                   Type           Power      Damage    Failure   Level
 Corpse Rot               Necr/Air       N/A        N/A       41%         2
 Freezing Cloud           Conj/Ice/Air   0%         6-21      100%        5

Inventory:

Hand Weapons
 a - a +1 hand axe (weapon)
Armour
 b - a +0 leather armour (worn)
 h - a +0 pair of gloves (worn)
Magical Staves
 d - a staff of earth
 e - a staff of poison
Scrolls
 c - 2 scrolls of identify {unknown}
 g - a scroll of enchant armour {unknown}
 i - 2 scrolls of teleportation {unknown}
 j - a scroll of blinking {unknown}
Potions
 f - a potion of resistance {unknown}
 k - a potion of degeneration {unknown}
 l - a potion of cancellation {unknown}

Dungeon Overview and Level Annotations

Branches:
Dungeon (2/15)

Altars:

Annotations:
D:2 Terence

▒....▒▒.▒▒
▒.▒.▒▒...▒ .▒
▒.▒.▒▒...▒ ...▒
▒.▒.▒▒...▒▒▒▒
.....▒▒.▒.........▒
..................▒
.....<............▒
..........▒▒..@...▒
...▒.@...!..[.▒H..▒
..........▒▒▒.▒...▒
.........(†.▒.▒...▒
................▒▒▒▒
..▒.▒...▒▒.........▒
.....▒▒▒▒▒.▒.▒▒▒▒▒▒
▒.▒... ▒.▒.▒ ....
..... ▒▒▒.. ▒▒▒....


You could see Terence.


Message History

You hit Terence.
Terence is heavily wounded.
Terence misses you.
You hit Terence.
You tail-slap Terence, but do no damage.
Terence is severely wounded.
Terence hits you with a +0 flail.
You hit Terence.
Terence is severely wounded.
Terence hits you with a +0 flail!
* * * LOW HITPOINT WARNING * * *
You hit Terence but do no damage.
Terence is almost dead.
Terence asks, "Do you want it fast or slow?"
Terence misses you.
You hit Terence but do no damage.
Your tail-slap misses Terence.
Terence is almost dead.
Terence looks more healthy.
Terence zaps a wand.
The puff of flame hits you.
* * * LOW HITPOINT WARNING * * *
Terence shouts, "Get ready for death!"
Terence hits you with a +0 flail.
* * * LOW HITPOINT WARNING * * *
You barely miss Terence.
Terence is almost dead.
Terence looks scornfully at you. Terence hits you with a +0 flail!
You die...

Action                   || total
-------------------------++-------
Melee: Hand axe          ||   104
       Tailslap          ||     7
 Cast: Poisonous Vapours ||     4
 Abil: Rolling Charge    ||     1
Armor: Leather armour    ||    49
Dodge: Dodged            ||    69

Levels and vault maps discovered:
D:1:      roderic_crossed_star, layout_basic, chequers_serial_rivers_micro_b
D:2:      layout_rooms, serial_shops, nicolae_shop_crystal,
          guppyfry_early_orc_mine, uniq_sigmund, uniq_terence

Notes
Turn   | Place    | Note
-------+----------+-------------------------------------------
     0 | Abyss:1  | sanka the Palentonga Abyssal Knight began the quest for the
                  | Orb.
     0 | Abyss:1  | Reached XP level 1. HP: 19/19 MP: 2/2
    10 | D:1      | Escaped the Abyss
   137 | D:1      | Reached skill level 1 in Spellcasting
   148 | D:1      | Reached XP level 2. HP: 21/25 MP: 3/3
   324 | D:1      | Learned a level 2 spell: Poisonous Vapours
   396 | D:1      | Reached ** piety under Lugonu
  1024 | D:1      | Reached skill level 1 in Air Magic
  1093 | D:1      | Reached skill level 1 in Poison Magic
  1197 | D:2      | Reached XP level 3. HP: 22/31 MP: 4/4
  1217 | D:2      | Noticed Terence
  1650 | D:2      | Slain by Terence

Vanquished Creatures
  A dart slug (D:1)
  2 ball pythons (D:1)
  3 endoplasms
  A giant cockroach (D:2)
  2 goblins (D:1)
  4 hobgoblins
  4 jackals (D:1)
  A kobold (D:2)
  A quokka (D:1)
  4 bats
  4 rats
27 creatures vanquished.
